 Dungeon Sprint DCSS version 0.18.1-48-g4cf74bf (webtiles) character file.

10 Joat the Chiller (level 2, -12/17 HPs)
             Began as an Octopode Ice Elementalist on Aug 27, 2016.
             Mangled by a yaktaur (13 damage)
             ... in the Dungeon (Sprint V: "Ziggurat Sprint").
             The game lasted 00:01:46 (97 turns).

Joat the Chiller (Octopode Ice Elementalist)          Turns: 97, Time: 00:01:46

Health: -12/17     AC:  1    Str: 19    XL:     2   Next: 20%
Magic:  2/12       EV: 13    Int: 35    God:
Gold:   0          SH:  0    Dex: 24    Spells: 1 memorised, 6 levels left

rFire  . . .     SeeInvis .     y - +6 Majin-Bo {vamp, Archmagi MP+6 Int+6}
rCold  . . .     Gourm    .     (shield currently unavailable)
rNeg   . . .     Faith    .     (helmet restricted)
rPois  .         Spirit   .     (no amulet)
rElec  .         Dismiss  .     D - +6 ring of dexterity
rCorr  .         Reflect  .     E - +6 ring of dexterity
SustAt .         Harm     .     F - +6 ring of intelligence
MR     .....     NoTele   +     H - +6 ring of strength
Stlth  ++++......               I - +6 ring of strength
                                G - +6 ring of intelligence
                                P - ring of flight
                                (no ring)

@: very slightly contaminated, invisible, not resistant to hostile enchantments,
stealthy
A: almost no armour, amphibious, 8 rings, constrict 8, camouflage 1, gelatinous
body 1
a: Evoke Flight


You were in the Dungeon.
You were not hungry.

You visited 1 branch

Inventory:

Hand Weapons
 y - the +6 Majin-Bo (weapon) {vamp, Archmagi MP+6 Int+6}
   (You found it in the Dungeon)

   It inflicts no extra harm, but heals its wielder somewhat when it strikes a
   living foe.
   It affects your intelligence (+6).
   It affects your magic capacity (+6).
Armour
 i - a +3 buckler
 j - a +3 large shield
 k - a +3 shield
 B - the +18 shield of the gong {rElec rN+ MR+ EV-5}
   (You found it in the Dungeon)

   It affects your evasion (-5).
   It insulates you from electricity.
   It protects you from negative energy.
   It affects your resistance to hostile enchantments.
Magical Staves
 J - an uncursed staff of energy
Jewellery
 D - a +6 ring of dexterity (left tentacle)
 E - a +6 ring of dexterity (right tentacle)
 F - a +6 ring of intelligence (on tentacle)
 G - a +6 ring of intelligence (on tentacle)
 H - a +6 ring of strength (on tentacle)
 I - a +6 ring of strength (on tentacle)
 P - a ring of flight (on tentacle)
Wands
 L - a wand of disintegration (7/24)
 M - a wand of iceblast (5/15)
 N - a wand of lightning (5/15)
 O - a wand of acid (5/15)
Scrolls
 h - 4 scrolls of blinking
 r - 4 scrolls of amnesia
 s - 3 scrolls of recharging
 t - 7 scrolls of fog
 u - a scroll of holy word
 v - 5 scrolls of identify
 w - 5 scrolls of remove curse
 x - 2 scrolls of fear
Potions
 c - 10 potions of curing
 d - 10 potions of heal wounds
 e - 6 potions of haste
 f - 7 potions of magic
 g - 3 potions of berserk rage
 l - 2 potions of brilliance
 m - a potion of invisibility
 n - 4 potions of resistance
 o - a potion of experience
 p - 5 potions of agility
 q - 5 potions of might
Books
 a - a book of Frost

   Spells                             Type                      Level
   a - Freeze                         Ice                          1
   b - Throw Frost                    Conjuration/Ice              2
   c - Ozocubu's Armour               Charms/Ice                   3
   d - Throw Icicle                   Conjuration/Ice              4
   e - Summon Ice Beast               Ice/Summoning                4
Miscellaneous
 C - a disc of storms
 K - a crystal ball of energy
Comestibles
 b - 5 bread rations
 z - 42 fruits
 A - 3 meat rations


   Skills:
 - Level 2.0 Dodging
 - Level 2.6 Stealth
 + Level 3.3 Spellcasting
   Level 1.0 Conjurations
 + Level 4.2 Ice Magic


You had 6 spell levels left.
You knew the following spells:

 Your Spells              Type           Power        Failure   Level  Hunger
a - Freeze                Ice            ####         1%          1    None


Dungeon Overview and Level Annotations

Branches:
Dungeon (1/1)

Altars:
Ashenzari
Cheibriados
Dithmenos
Elyvilon
Fedhas
Gozag
Kikubaaqudgha
Makhleb
Nemelex Xobeh
Okawaru
Pakellas
Qazlal
Ru
Sif Muna
Trog
Vehumet
Xom
Yredelemnul
Zin
The Shining One
Beogh
Jiyva
Lugonu


Innate Abilities, Weirdness & Mutations

You cannot wear most types of armour.
You are amphibious.
You can wear up to eight rings at the same time.
You can use your tentacles to constrict eight enemies at once.
Your skin changes colour to match your surroundings (Stealth).
Your rubbery body absorbs attacks (AC +1).


Message History

* * * LOW HITPOINT WARNING * * *
Casting: Freeze
Confirm with . or Enter, or press ? or * to list all spells.
Aiming: Freeze
Press: ? - help, Shift-Dir - straight line, f/p - yaktaur
Aim: a yaktaur (severely wounded)
You feel a surge of power!
You freeze the yaktaur.
The yaktaur is almost dead.
* * * LOW HITPOINT WARNING * * *
The yaktaur misses you.
Casting: Freeze
Confirm with . or Enter, or press ? or * to list all spells.
Aiming: Freeze
Press: ? - help, Shift-Dir - straight line, f/p - yaktaur
Aim: a yaktaur (almost dead)
You feel a surge of power!
You freeze the yaktaur.
The yaktaur is almost dead.
The yaktaur hits you!
Ouch! That really hurt!
You die...

▓▓▓▓▓▓▓
▓.8©8.▓
▓.....▓
▓.).c.▓
▓..@..▓
▓.....▓
▓.....▓
▓▓▓▓▓▓▓


You could see a yaktaur.

Vanquished Creatures (others)
  A spatial maelstrom (D)
  A centaur (D)
2 creatures vanquished.

Notes
Turn   | Place    | Note
--------------------------------------------------------------
     0 | D        | Joat the Octopode Ice Elementalist began the quest for the Orb.
     0 | D        | Reached XP level 1. HP: 11/11 MP: 3/3
     0 | D        | Found an iron altar of Okawaru.
     0 | D        | Found a radiant altar of Vehumet.
     0 | D        | Found a burning altar of Makhleb.
     0 | D        | Found a shimmering altar of Xom.
     0 | D        | Found a deep blue altar of Sif Muna.
     4 | D        | Found a bloodstained altar of Trog.
     5 | D        | Found a roughly hewn altar of Beogh.
     5 | D        | Found a viscous altar of Jiyva.
     5 | D        | Found a corrupted altar of Lugonu.
     5 | D        | Found a white marble altar of Elyvilon.
     5 | D        | Found a sparkling altar of Nemelex Xobeh.
    11 | D        | Banished a spatial maelstrom
    85 | D        | Entered arena 1.
    85 | D        | Noticed a centaur
    85 | D        | Noticed a yaktaur
    89 | D        | Killed a centaur
    89 | D        | Reached skill level 4 in Ice Magic
    89 | D        | Reached XP level 2. HP: 16/17 MP: 6/6
    97 | D        | Mangled by a yaktaur

Skill      XL: |  1 |
---------------+----+-----
Spellcasting   | 3 |  3.3
Ice Magic      | 4 |  4.2
Dodging        | |  2.0
Stealth        | |  2.6
Conjurations   | |  1.0

Action                   || total
-------------------------++-------
 Cast: Freeze            ||     9
  Use: Potion            ||     1
  Eat: Meat ration       ||     1
Dodge: Dodged            ||     6
